PA
SOUTH BEACH BLAZE @ MYRTLE BEACH SEAHAWKS
08/17/2042
 
TOP OF THE 1ST
South Beach Blaze batting - Pitching for Myrtle Beach Seahawks : RHP William Morán
Pitching: RHP William Morán
Batting: LHB Enrique Emperador 0-0: Ball
1-0: Ball
2-0: Ball
3-0: Called Strike
3-1: Base on Balls
Batting: LHB Ángel López 0-0: Ball
1-0: Foul Ball, location: 2F
1-1: Ball
2-1: Ball
3-1: Fly out, F8 (Line Drive, 8RD, EV 84.4 MPH)
Batting: LHB Tony Parra 0-0: Called Strike
0-1: Foul Ball, location: 2F
0-2: Ball
1-2: Ball
2-2: Fly out, F9 (Flyball, 9LM, EV 98.1 MPH)
Batting: LHB Juan Carlos Duprat 0-0: Fly out, F7 (Flyball, 7, EV 86.9 MPH)
Top of the 1st over - 0 runs, 0 hits, 0 errors, 1 left on base; South Beach 0 - Myrtle Beach 0
BOTTOM OF THE 1ST
Myrtle Beach Seahawks batting - Pitching for South Beach Blaze : RHP Jeremiah Hartney
Pitching: RHP Jeremiah Hartney
Batting: RHB Andrew Sprinkle 0-0: Called Strike
0-1: Ball
1-1: Ground out 5-3 (Groundball, 5L, EV 87.5 MPH)
Batting: RHB Wendel Koudstaal 0-0: Called Strike
0-1: Foul Ball, location: 2F
0-2: Strikes out looking
Batting: LHB John Allen 0-0: Ground out 4-3 (Groundball, 4, EV 78.1 MPH)
Bottom of the 1st over - 0 runs, 0 hits, 0 errors, 0 left on base; South Beach 0 - Myrtle Beach 0
TOP OF THE 2ND
South Beach Blaze batting - Pitching for Myrtle Beach Seahawks : RHP William Morán
Batting: RHB Carlos Rivera 0-0: Foul Ball, location: 2F
0-1: Ball
1-1: Fly out, F8 (Flyball, 8RM, EV 86.2 MPH)
Batting: LHB Raúl Miranda 0-0: Ball
1-0: Ball
2-0: Fly out, F7 (Flyball, 78S, EV 85.0 MPH)
Batting: RHB Pablo Peñaranda 0-0: Ball
1-0: Ground out 4-3 (Groundball, 4, EV 99.4 MPH)
Top of the 2nd over - 0 runs, 0 hits, 0 errors, 0 left on base; South Beach 0 - Myrtle Beach 0
BOTTOM OF THE 2ND
Myrtle Beach Seahawks batting - Pitching for South Beach Blaze : RHP Jeremiah Hartney
Batting: RHB Cristo Lucas 0-0: Reached on error, E5 (Groundball, 56S, EV 82.5 MPH)
Batting: LHB Anton Zdravomyslov 0-0: Ball
1-0: Swinging Strike
1-1: Ball
2-1: Ball
3-1: Base on Balls
Cristo Lucas to second
Batting: RHB Bartolo Ayala 0-0: Swinging Strike
0-1: Foul Ball, location: 2F
0-2: Ball
1-2: Foul Ball, location: 2F
1-2: Ball
2-2: Ball
3-2: Fly out, F8 (Flyball, 8LS, EV 91.9 MPH)
Batting: RHB Aleixos Arde 0-0: Called Strike
0-1: Ball
1-1: Ball
2-1: Foul Ball, location: 2F
2-2: Ball
3-2: Base on Balls
Cristo Lucas to third
Anton Zdravomyslov to second
Batting: RHB Darren Gordam 0-0: Foul Ball, location: 2F
0-1: Fielders Choice at 2nd, 3-6 (Groundball, 34S, EV 85.0 MPH)
Cristo Lucas scores
Anton Zdravomyslov to third
Batting: RHB Nicholas Colling 0-0: Ball
Darren Gordam steals 2nd, throwing error, E2
Anton Zdravomyslov scores
Darren Gordam to third
1-0: Reaches on Catchers interference
Batting: RHB Andrew Sprinkle 0-0: Ball
1-0: Called Strike
1-1: Ground out 4-3 (Groundball, 4, EV 95.0 MPH)
Bottom of the 2nd over - 2 runs, 0 hits, 3 errors, 2 left on base; South Beach 0 - Myrtle Beach 2
TOP OF THE 3RD
South Beach Blaze batting - Pitching for Myrtle Beach Seahawks : RHP William Morán
Batting: RHB Juan Tilve 0-0: Ball
1-0: Foul Ball, location: 2F
1-1: Called Strike
1-2: Ball
2-2: Ball
3-2: Fly out, F4 (Popup, 4S, EV 81.2 MPH)
Batting: RHB Manny Opio 0-0: Called Strike
0-1: Fly out, F8 (Flyball, 8RS, EV 90.0 MPH)
Batting: LHB Enrique Emperador 0-0: Swinging Strike
0-1: Ground out 4-3 (Groundball, 4, EV 85.0 MPH)
Top of the 3rd over - 0 runs, 0 hits, 0 errors, 0 left on base; South Beach 0 - Myrtle Beach 2
BOTTOM OF THE 3RD
Myrtle Beach Seahawks batting - Pitching for South Beach Blaze : RHP Jeremiah Hartney
Batting: RHB Wendel Koudstaal 0-0: Ball
1-0: Called Strike
1-1: Called Strike
1-2: Strikes out swinging
Batting: LHB John Allen 0-0: Called Strike
0-1: Ball
1-1: Foul Ball, location: 2F
1-2: Ball
2-2: Ball
3-2: SINGLE (Groundball, 4, EV 86.2 MPH) (infield hit)
Batting: RHB Cristo Lucas 0-0: DOUBLE (Line Drive, 7LM, EV 94.4 MPH)
John Allen to third
Batting: LHB Anton Zdravomyslov 0-0: Ball
1-0: Ball
2-0: Foul Ball, location: 2F
2-1: Swinging Strike
2-2: Fly out, F8 (Flyball, 8LD, EV 103.1 MPH)
Runner from 3rd tags up, SCORES, throw by CF
Batting: RHB Bartolo Ayala 0-0: Foul Ball, location: 2F
0-1: Ball
1-1: Called Strike
1-2: DOUBLE (Flyball, 8RXD, EV 98.1 MPH)
Cristo Lucas scores
Batting: RHB Aleixos Arde 0-0: Called Strike
0-1: Ball
1-1: Ball
2-1: Ground out 6-3 (Groundball, 6, EV 85.0 MPH)
Bottom of the 3rd over - 2 runs, 3 hits, 0 errors, 1 left on base; South Beach 0 - Myrtle Beach 4
TOP OF THE 4TH
South Beach Blaze batting - Pitching for Myrtle Beach Seahawks : RHP William Morán
Batting: LHB Ángel López 0-0: Foul Ball, location: 2F
0-1: Ball
1-1: Ball
2-1: Foul Ball, location: 2F
2-2: DOUBLE (Flyball, 78XD, EV 95.6 MPH)
Batting: LHB Tony Parra 0-0: Swinging Strike
0-1: Ground out 4-3 (Groundball, 4, EV 83.8 MPH)
Ángel López to third
Batting: LHB Juan Carlos Duprat 0-0: Foul Ball, location: 2F
0-1: Foul Ball, location: 2F
0-2: Ball
1-2: Strikes out swinging
Batting: RHB Carlos Rivera 0-0: Foul Ball, location: 2F
0-1: Ball
1-1: Swinging Strike
1-2: Ball
2-2: Ball
3-2: Strikes out swinging
Top of the 4th over - 0 runs, 1 hit, 0 errors, 1 left on base; South Beach 0 - Myrtle Beach 4
BOTTOM OF THE 4TH
Myrtle Beach Seahawks batting - Pitching for South Beach Blaze : RHP Jeremiah Hartney
Batting: RHB Darren Gordam 0-0: Ball
1-0: Foul Ball, location: 2F
1-1: Foul Ball, location: 2F
1-2: Fly out, F7 (Flyball, 7LDF, EV 87.5 MPH)
Batting: RHB Nicholas Colling 0-0: Called Strike
0-1: Swinging Strike
0-2: Foul Ball, location: 2F
0-2: Ball
1-2: Foul Ball, location: 2F
1-2: Ball
2-2: SINGLE (Flyball, 9LS, EV 90.6 MPH)
Batting: RHB Andrew Sprinkle 0-0: Ball
1-0: Ball
2-0: Foul Ball, location: 2F
2-1: Foul Ball, location: 2F
2-2: Ball
3-2: Foul Ball, location: 2F
3-2: Foul Ball, location: 2F
3-2: Base on Balls
Nicholas Colling to second
Batting: RHB Wendel Koudstaal 0-0: Ball
1-0: Called Strike
1-1: Called Strike
1-2: Foul Ball, location: 2F
1-2: Strikes out swinging
Batting: LHB John Allen 0-0: Called Strike
0-1: Foul Ball, location: 2F
0-2: Ball
1-2: Ball
2-2: Ball
3-2: Fly out, F8 (Flyball, 8RD, EV 98.1 MPH)
Bottom of the 4th over - 0 runs, 1 hit, 0 errors, 2 left on base; South Beach 0 - Myrtle Beach 4
TOP OF THE 5TH
South Beach Blaze batting - Pitching for Myrtle Beach Seahawks : RHP William Morán
Batting: LHB Raúl Miranda 0-0: Foul Ball, location: 2F
0-1: Ground out U3 (Groundball, 3L, EV 81.9 MPH)
Batting: RHB Pablo Peñaranda 0-0: Ball
1-0: Ball
2-0: Ball
3-0: Base on Balls
Batting: RHB Juan Tilve 0-0: Ball
Balk!
Pablo Peñaranda to second
1-0: Ball
Passed Ball!
Pablo Peñaranda to third
2-0: Swinging Strike
2-1: Fly out, F8 (Flyball, 8RM, EV 88.8 MPH)
Runner from 3rd tags up, OUT at HOME! 8-2
Top of the 5th over - 0 runs, 0 hits, 0 errors, 0 left on base; South Beach 0 - Myrtle Beach 4
BOTTOM OF THE 5TH
Myrtle Beach Seahawks batting - Pitching for South Beach Blaze : RHP Jeremiah Hartney
Now at 3B: Nebosja Peric
Batting: RHB Cristo Lucas 0-0: Foul Ball, location: 2F
0-1: Fly out, F9 (Flyball, 9, EV 96.2 MPH)
Batting: LHB Anton Zdravomyslov 0-0: Fly out, F8 (Line Drive, 8LM, EV 92.5 MPH)
Batting: RHB Bartolo Ayala 0-0: Fly out, F7 (Line Drive, 7D, EV 88.8 MPH)
Bottom of the 5th over - 0 runs, 0 hits, 0 errors, 0 left on base; South Beach 0 - Myrtle Beach 4
TOP OF THE 6TH
South Beach Blaze batting - Pitching for Myrtle Beach Seahawks : RHP William Morán
Batting: RHB Manny Opio 0-0: Swinging Strike
0-1: Called Strike
0-2: Strikes out swinging
Batting: LHB Enrique Emperador 0-0: TRIPLE (Line Drive, 89XD, EV 100.6 MPH)
Batting: LHB Ángel López 0-0: Called Strike
0-1: Foul Ball, location: 2F
0-2: Strikes out swinging
Batting: LHB Tony Parra 0-0: Foul Ball, location: 2F
0-1: Ball
1-1: SINGLE (Groundball, 3S, EV 71.2 MPH) (infield hit)
Enrique Emperador scores
Batting: LHB Juan Carlos Duprat 0-0: Called Strike
0-1: Ball
1-1: DOUBLE (Flyball, 89D, EV 99.4 MPH)
Tony Parra to third
Batting: RHB Carlos Rivera 0-0: Ball
1-0: Called Strike
1-1: Foul Ball, location: 2F
1-2: Strikes out looking
Top of the 6th over - 1 run, 3 hits, 0 errors, 2 left on base; South Beach 1 - Myrtle Beach 4
BOTTOM OF THE 6TH
Myrtle Beach Seahawks batting - Pitching for South Beach Blaze : RHP Jeremiah Hartney
Batting: RHB Aleixos Arde 0-0: Foul Ball, location: 2F
0-1: Foul Ball, location: 2F
0-2: Ball
1-2: Ball
2-2: Foul Ball, location: 2F
2-2: Foul Ball, location: 2F
2-2: Strikes out swinging
Batting: RHB Darren Gordam 0-0: Called Strike
0-1: Ball
1-1: Ground out 5-3 (Groundball, 56S, EV 84.4 MPH)
Batting: RHB Nicholas Colling 0-0: Ball
1-0: SINGLE (Flyball, 78S, EV 97.5 MPH)
Batting: RHB Andrew Sprinkle 0-0: Foul Ball, location: 2F
0-1: Ball
1-1: Foul Ball, location: 2F
1-2: Ball
2-2: Ball
3-2: Foul Ball, location: 2F
3-2: Foul Ball, location: 2F
3-2: Foul Ball, location: 2F
3-2: Foul Ball, location: 2F
3-2: Fly out, F8 (Line Drive, 8LD, EV 106.9 MPH)
Bottom of the 6th over - 0 runs, 1 hit, 0 errors, 1 left on base; South Beach 1 - Myrtle Beach 4
TOP OF THE 7TH
South Beach Blaze batting - Pitching for Myrtle Beach Seahawks : RHP William Morán
Batting: LHB Raúl Miranda 0-0: Ball
1-0: Called Strike
1-1: Called Strike
1-2: Ball
2-2: Foul Ball, location: 2F
2-2: Ground out 6-3 (Groundball, 6, EV 93.1 MPH)
Pitching: RHP Roberto Córdova
Batting: RHB Nebosja Peric 0-0: Ball
1-0: SINGLE (Groundball, 6MD, EV 105.0 MPH)
Batting: RHB Juan Tilve 0-0: Swinging Strike
0-1: Called Strike
0-2: Ball
1-2: Strikes out swinging
Batting: RHB Manny Opio 0-0: Ball
1-0: Ball
2-0: Foul Ball, location: 2F
2-1: Ground out 6-3 (Groundball, 6, EV 86.2 MPH)
Top of the 7th over - 0 runs, 1 hit, 0 errors, 1 left on base; South Beach 1 - Myrtle Beach 4
BOTTOM OF THE 7TH
Myrtle Beach Seahawks batting - Pitching for South Beach Blaze : RHP Jeremiah Hartney
Pitching: LHP Mark Finley
Batting: RHB Wendel Koudstaal 0-0: Called Strike
0-1: Ball
1-1: Foul Ball, location: 2F
1-2: SINGLE (Groundball, 34D, EV 102.5 MPH)
Batting: LHB John Allen 0-0: Called Strike
0-1: Ball
1-1: Ball
2-1: Ball
3-1: Base on Balls
Wendel Koudstaal to second
Batting: RHB Cristo Lucas 0-0: Ball
1-0: Ball
2-0: Called Strike
2-1: Foul Ball, location: 2F
2-2: Ball
3-2: Base on Balls
Wendel Koudstaal to third
John Allen to second
Batting: LHB Anton Zdravomyslov 0-0: Ball
1-0: Foul Ball, location: 2F
1-1: Foul Ball, location: 2F
1-2: Strikes out swinging
Batting: RHB Bartolo Ayala 0-0: Called Strike
0-1: Called Strike
0-2: Foul Ball, location: 2F
0-2: SINGLE (Groundball, 56, EV 99.4 MPH)
Wendel Koudstaal scores
John Allen to third
Cristo Lucas to second
Batting: RHB Aleixos Arde 0-0: Swinging Strike
0-1: Ball
1-1: Ball
2-1: Ball
3-1: Called Strike
3-2: Foul Ball, location: 2F
3-2: Foul Ball, location: 2F
3-2: Base on Balls
John Allen scores
Cristo Lucas to third
Bartolo Ayala to second
Batting: RHB Darren Gordam 0-0: Ball
1-0: Called Strike
1-1: Reached on error, E6 (Groundball, 6, EV 82.5 MPH)
Cristo Lucas scores
Bartolo Ayala to third
Aleixos Arde to second
Batting: RHB Nicholas Colling 0-0: Fly out, F7 (Flyball, 7LS, EV 72.5 MPH)
Batting: RHB Andrew Sprinkle 0-0: Ball
1-0: Ball
2-0: Ball
3-0: Base on Balls
Bartolo Ayala scores
Aleixos Arde to third
Darren Gordam to second
Pitching: RHP Keith Lynskey
Batting: RHB Wendel Koudstaal 0-0: Reached on error, E3 (Groundball, 34, EV 98.1 MPH)
Aleixos Arde scores
Darren Gordam to third
Andrew Sprinkle to second
Batting: LHB John Allen 0-0: Swinging Strike
0-1: Ball
1-1: Foul Ball, location: 2F
1-2: Ball
2-2: Ball
3-2: Foul Ball, location: 2F
3-2: Fly out, F9 (Flyball, 9S, EV 92.5 MPH)
Bottom of the 7th over - 5 runs, 2 hits, 2 errors, 3 left on base; South Beach 1 - Myrtle Beach 9
TOP OF THE 8TH
South Beach Blaze batting - Pitching for Myrtle Beach Seahawks : RHP Roberto Córdova
Pinch Hitting: LHB Furgentley Jamanica 0-0: Ball
1-0: Foul Ball, location: 2F
1-1: SINGLE (Groundball, 6MD, EV 106.9 MPH)
Batting: LHB Ángel López 0-0: Ball
1-0: Ball
2-0: Ball
3-0: Base on Balls
Furgentley Jamanica to second
Batting: LHB Tony Parra 0-0: Ball
1-0: Ball
2-0: Called Strike
2-1: Ball
3-1: Base on Balls
Furgentley Jamanica to third
Ángel López to second
Batting: LHB Juan Carlos Duprat 0-0: Ball
1-0: Foul Ball, location: 2F
1-1: Foul Ball, location: 2F
1-2: Ball
2-2: SINGLE (Groundball, 6M, EV 105.0 MPH) (infield hit)
Furgentley Jamanica scores
Ángel López to third
Tony Parra to second
Pinch Hitting: SHB Dave Scott 0-0: Called Strike
0-1: Swinging Strike
0-2: Ball
1-2: Strikes out swinging
Batting: LHB Raúl Miranda 0-0: Called Strike
0-1: Ball
1-1: Fielders Choice at 2nd, 3-6 (Groundball, 3, EV 85.0 MPH)
Ángel López scores
Tony Parra to third
Batting: RHB Nebosja Peric 0-0: Fly out, F9 (Flyball, 9S, EV 93.8 MPH)
Top of the 8th over - 2 runs, 2 hits, 0 errors, 2 left on base; South Beach 3 - Myrtle Beach 9
BOTTOM OF THE 8TH
Myrtle Beach Seahawks batting - Pitching for South Beach Blaze : RHP Keith Lynskey
Now at SS: Dave Scott
Now in LF: Furgentley Jamanica
Batting: RHB Cristo Lucas 0-0: Called Strike
0-1: Called Strike
0-2: Foul Ball, location: 2F
0-2: Foul Ball, location: 2F
0-2: Foul Ball, location: 2F
0-2: Foul Ball, location: 2F
0-2: Ground out 6-3 (Groundball, 6M, EV 103.8 MPH)
Batting: LHB Anton Zdravomyslov 0-0: Ball
1-0: Called Strike
1-1: Called Strike
1-2: DOUBLE (Flyball, 8LXD, EV 105.6 MPH)
Batting: RHB Bartolo Ayala 0-0: Ball
1-0: Ball
2-0: SINGLE (Line Drive, 34D, EV 94.4 MPH)
Anton Zdravomyslov to third
Batting: RHB Aleixos Arde 0-0: Ball
1-0: Called Strike
1-1: Ball
2-1: Ball
3-1: Ground out U3 (Groundball, 3, EV 104.4 MPH)
Anton Zdravomyslov scores
Bartolo Ayala to second
Batting: RHB Darren Gordam 0-0: Called Strike
0-1: Swinging Strike
0-2: Ball
1-2: Strikes out looking
Bottom of the 8th over - 1 run, 2 hits, 0 errors, 1 left on base; South Beach 3 - Myrtle Beach 10
TOP OF THE 9TH
South Beach Blaze batting - Pitching for Myrtle Beach Seahawks : RHP Roberto Córdova
Batting: RHB Juan Tilve 0-0: Ball
1-0: Ball
2-0: Ball
3-0: Called Strike
3-1: Called Strike
3-2: Strikes out swinging
Pinch Hitting: LHB Duane Halfyard 0-0: Called Strike
0-1: Ball
1-1: Called Strike
1-2: Foul Ball, location: 2F
1-2: Ball
2-2: Ball
3-2: Ground out 1-3 (Groundball, 15S, EV 65.0 MPH)
Pinch Hitting: SHB Nobukazu Fujihara 0-0: Called Strike
0-1: Foul Ball, location: 2F
0-2: Ball
1-2: Ball
2-2: Strikes out swinging
Top of the 9th over - 0 runs, 0 hits, 0 errors, 0 left on base; South Beach 3 - Myrtle Beach 10
Friday, March 26th, 2021 - OOTP Baseball 20.8 Build 74